 Dungeon Crawl Stone Soup version 0.26-a0-597-gb535b0901c (webtiles) character file.

Game seed: 16080908391115592807

49 vurker the Chucker (level 3, 0/31 HPs)
             Began as a Minotaur Hunter on Sept 11, 2020.
             Succumbed to an adder's poison
             ... on level 2 of the Dungeon.
             The game lasted 00:01:27 (920 turns).

vurker the Chucker (Minotaur Hunter)                 Turns: 920, Time: 00:01:27

Health: 0/31       AC:  9    Str: 15 (17) XL:     3   Next: 53%
Magic:  2/2        EV:  6    Int:  7 (8)  God:
Gold:   40         SH:  0    Dex:  9 (10) Spells: 2/2 levels left

rFire    . . .     SeeInvis .   a - +0 short sword
rCold    . . .     Faith    .   (no shield)
rNeg     . . .     Spirit   .   k - +0 chain mail
rPois    .         Reflect  .   (helmet restricted)
rElec    .         Harm     .   (no cloak)
rCorr    .                      j - +0 pair of gloves
MR       .....                  (no boots)
Stlth    ..........             (no amulet)
HPRegen  0.10/turn              b - ring of stealth
MPRegen  0.08/turn              (no ring)

@: lethally poisoned (0 -> -8), stab
A: retaliatory headbutt, horns 2
a: no special abilities


You were on level 2 of the Dungeon.
You visited 1 branch of the dungeon, and saw 2 of its levels.

You collected 40 gold pieces.

Inventory:

Hand Weapons
 a - a +0 short sword (weapon)
Missiles
 c - 6 javelins (quivered)
 d - 2 throwing nets
Armour
 j - a +0 pair of gloves (worn)
   (You found it on level 1 of the Dungeon)
 k - a +0 chain mail (worn)
   (You found it on level 1 of the Dungeon)
Jewellery
 b - a ring of stealth (left hand)
   (You found it on level 2 of the Dungeon)
Scrolls
 e - a scroll of amnesia {unknown}
 f - a scroll of teleportation {unknown}
 h - a scroll of identify {unknown}


   Skills:
 + Level 3.3 Fighting
 * Level 4.9 Throwing
 - Level 2.1 Dodging
 - Level 0.7 Stealth


You had 2 spell levels left.
You didn't know any spells.
Your spell library was empty.

Dungeon Overview and Level Annotations

Branches:
Dungeon (2/15)

Altars:


Innate Abilities, Weirdness & Mutations

You reflexively headbutt those who attack you in melee.
You have a pair of horns on your head.


Message History

You barely miss the adder. Your headbutt misses the adder.
You feel sick. The adder bites you.
You hit the adder. Your headbutt misses the adder. The adder bites you.
* * * LOW HITPOINT WARNING * * *
You are more poisoned.
The adder poisons you! The adder bites you.
* * * LOW HITPOINT WARNING * * *
You closely miss the adder. Your headbutt misses the adder.
You feel sick. The adder completely misses you.
A hobgoblin comes into view. It is wielding a +0 club.
Your chain mail prevents you from hitting the adder.
You feel sick.
The hobgoblin shouts!
The adder closely misses you. The adder barely misses you.
You hit the adder.
You feel sick.
The goblin no longer looks unusually strong.
The hobgoblin no longer looks unusually strong.
The adder bites you but does no damage.
You hit the adder.
You kill the adder!
You feel sick. The adder bites you but does no damage.
You miss the adder.
You feel sick. The adder completely misses you.
You closely miss the adder.
The hobgoblin no longer looks unusually strong.
The adder bites you but does no damage. x2
You hit the adder but do no damage. Your headbutt misses the adder.
You feel sick. The adder bites you.
* * * LOW HITPOINT WARNING * * *
You are lethally poisoned!
The adder poisons you!
You aren't carrying any potions.
You aren't carrying any items that you can evoke.
Unknown command.
You hit the adder but do no damage. Your headbutt misses the adder.
* * * LOW HITPOINT WARNING * * *
You feel sick. The adder bites you.
* * * LOW HITPOINT WARNING * * *
The adder bites you but does no damage.
You closely miss the adder.
* * * LOW HITPOINT WARNING * * *
You feel sick.
The goblin no longer looks unusually strong.
The hobgoblin no longer looks unusually strong.
The adder completely misses you.
You hit the adder. Your headbutt misses the adder.
* * * LOW HITPOINT WARNING * * *
You feel sick. The adder barely misses you. You furiously retaliate!
You headbutt the adder. You hit the adder but do no damage.
You die...

####..### ........
#.##..# #.##..#
g######.#.gg#
gg.gg....o#g#
#.######§#.gg#
.§§gg.g..###S###
########.# #@#.. #.#
#)#.# #.# #.#.#
#)###.#.#
####.....#.#######
....................
...#######.#.#######.#
# ###...........#
..........####.#


You could see an adder, an orc, 3 hobgoblins and 2 goblins.

Vanquished Creatures
  Robin (D:2)
  An adder (D:2)
  2 dart slugs (D:1)
  A leopard gecko (D:1)
  3 bats
  6 goblins
  4 hobgoblins
  A quokka (D:2)
  A frilled lizard (D:1)
  3 kobolds
  2 rats (D:1)
25 creatures vanquished.

Notes
Turn   | Place    | Note
-------+----------+-------------------------------------------
     0 | D:1      | vurker the Minotaur Hunter began the quest for the Orb.
     0 | D:1      | Reached XP level 1. HP: 18/18 MP: 0/0
   121 | D:1      | Reached XP level 2. HP: 14/25 MP: 1/1
   869 | D:2      | Noticed Robin
   901 | D:2      | Reached XP level 3. HP: 19/31 MP: 2/2
   906 | D:2      | Killed Robin
   919 | D:2      | HP: 1/31 [poisoned by an adder]
   920 | D:2      | Succumbed to an adder's poison

Illustrated notes

Levels and vault maps discovered:
D:1:      dpeg_arrival_three_same_balls, layout_rooms
D:2:      layout_loops_ring, marbit_many_paths, overflow_temple_1_default,
          uniq_robin

Skill      XL: |  1  2 |
---------------+-------+-----
Fighting       | 3 |  3.3
Throwing       | |  4.9
Dodging        | |  2.1
Stealth        | |  0.7

Action                   || total
-------------------------++-------
Melee: Short sword       ||    94
       Headbutt          ||    14
  Use: Potion            ||     2
 Stab: Sleeping          ||     1
Armor: Leather armour    ||     8
       Chain mail        ||    33
Dodge: Dodged            ||    39

Table legend: (Time is in decaauts)
 A = Elapsed time spent in this place.
 B = Non-inter-level travel time spent in this place.
 C = Inter-level travel time spent in this place.
 D = Time resting spent in this place.
 E = Time spent auto-exploring this place.
 F = Levels seen in this place.
 G = Mean time per level.
                   A        B        C        D        E       F      G
               +--------+--------+--------+--------+--------+-----+--------+
         Total |    928 |    890 |     38 |      0 |    691 |   2 |  464.0 |
       Dungeon |    928 |    890 |     38 |      0 |    691 |   2 |  464.0 |
               +--------+--------+--------+--------+--------+-----+--------+

Top non-repeatable levels by time:
     D:1: 826 daAuts
     D:2: 102 daAuts
